 Dungeon Crawl Stone Soup version 0.17.1-2-g5865329 (webtiles) character file.

3951 Niddhogr the Spear-Bearer (level 10, -3/70 HPs)
             Began as a Formicid Fighter on Feb 15, 2016.
             Was an Elder of Okawaru.
             Killed by divine providence
             ... invoked by an orc priest
              (12 damage)
             ... on level 8 of the Dungeon.
             The game lasted 00:31:52 (10402 turns).

Niddhogr the Spear-Bearer (Formicid Fighter)       Turns: 10402, Time: 00:31:52

Health: -3/70      AC:  4    Str: 21    XL:     10   Next: 45%
Magic:  12/12      EV: 16    Int:  8    God:    Okawaru [****..]
Gold:   380        SH: 14    Dex: 20    Spells: 0 memorised, 9 levels left

rFire  + . .     SeeInvis +     u - +11 dagger "Dragon's Tongue" {drain, *Contam +Inv Dex+7}
rCold  + . .     Clarity  +     r - +2 robe {rC+}
rNeg   + . .     SustAt   .     c - +0 shield
rPois  .         Gourm    .     (helmet unavailable)
rElec  .         Spirit   .     (no cloak)
rCorr  .         Warding  .     (no gloves)
rMut   .         Stasis   +     (no boots)
MR     +....                    (no amulet)
Stlth  +++.......               y - ring of protection from fire
                                d - ring of positive energy

@: heroism, somewhat resistant to hostile enchantments, fairly stealthy
A: permanent stasis, dig shafts and tunnels, four strong arms, antennae 3,
clarity, low mp 1, MP-powered wands
a: Dig, Shaft Self, Heroism, Renounce Religion, Evoke Invisibility


You were on level 8 of the Dungeon.
You worshipped Okawaru.
Okawaru was greatly pleased with you.
You were not hungry.

You visited 1 branch of the dungeon, and saw 8 of its levels.

You collected 380 gold pieces.

Inventory:

Hand Weapons
 u - the +11 dagger "Dragon's Tongue" (weapon) {drain, *Contam +Inv Dex+7}
   (You found it on level 6 of the Dungeon)

   A truly terrible weapon, it drains the life of those it strikes.
   It affects your dexterity (+7).
   It lets you turn invisible.
   It causes magical contamination when unequipped.
 v - a +0 halberd
 A - a +2 trident of holy wrath
Missiles
 h - 5 silver javelins (quivered)
Armour
 c - a +0 shield (worn)
 r - a +2 robe of cold resistance (worn)
Jewellery
 d - a ring of positive energy (left hand)
 p - an uncursed ring of sustain attributes
 y - a ring of protection from fire (right hand)
Wands
 b - a wand of disintegration (0)
 n - a wand of hasting (1)
 s - a wand of slowing (18)
 D - a wand of slowing (25)
Scrolls
 f - 3 scrolls of enchant weapon
 g - a scroll of fear {unknown}
 i - a scroll of immolation {unknown}
 j - a scroll of recharging {unknown}
 l - 3 scrolls of remove curse
 q - a scroll of amnesia {unknown}
 t - 2 scrolls of enchant armour
 C - a scroll of torment {unknown}
 G - a scroll of identify
Potions
 a - a potion of magic {unknown}
 k - a potion of flight {unknown}
 m - a potion of lignification {unknown}
 o - 2 potions of brilliance {unknown}
 x - 2 potions of mutation {unknown}
Comestibles
 e - 9 bread rations
 w - 2 meat rations
 z - 9 chunks of flesh
 B - 16 fruits
 E - 7 slices of pizza
 F - 2 beef jerkies


   Skills:
 - Level 3.2(8.2) Fighting
 * Level 12.2(17.2) Polearms
 - Level 3.2(8.2) Armour
 + Level 8.0(13.0) Shields
 - Level 5.0 Invocations


You had 9 spell levels left.
You didn't know any spells.

Dungeon Overview and Level Annotations

Branches:
Dungeon (8/15)             Temple (0/1) D:7
   Lair: D:8-11

Altars:
Gozag
Nemelex Xobeh
Okawaru
Sif Muna
Zin
The Shining One

Shops:
D:8 *


Innate Abilities, Weirdness & Mutations

You are under a permanent stasis effect.
You can dig through walls and to a lower floor.
Your four strong arms can wield two-handed weapons with a shield.
You have a pair of large antennae on your head (SInv).
You possess an exceptional clarity of mind.
Your magical capacity is low (-10% MP).
You expend magic power (3 MP) to strengthen your wands.


Message History

The magic dart hits you!
You hit the orc wizard. You drain the orc wizard!
The orc wizard is severely wounded.
The orc hits you with a club. You block the orc priest's attack.
You block the iguana's attack. The orc hits you with a dagger.
You puncture the orc wizard!
You kill the orc wizard!
Okawaru accepts your kill.
The ogre hits you with a giant spiked club!!
* * * LOW HITPOINT WARNING * * *
You block the orc's attack. The iguana bites you.
* * * LOW HITPOINT WARNING * * *
The orc hits you with a dagger.
* * * LOW HITPOINT WARNING * * *
The orc priest misses you.
Unknown command.
There is an entrance to Eptawo's Eclectic Emporium here.
The orc priest invokes the aid of Beogh against you.
Something smites you!
You die...

...# #....#.#......#
...#######.##..)#.....<##
(...(..))..##.#........'...
...##########.#.#......####
.... #.#.#......# ...##
#.#.#.#.#### ##.# #.#...#.#
##.# #.#.....######### ##.#
#.#.@............ ##.
#..∩...........
#.#..loo.........
......O...........
......#...o.......<
......#....†.......
......#.....)......
(..................
..##..##...........


You could see an ogre, an iguana, an orc priest and 2 orcs.

Vanquished Creatures
  Erolcha (D:8)
  Sigmund (D:2)
  A human (D:7)
  Eustachio (D:5)
  A hungry ghost (D:8)
  A water moccasin (D:8)
  2 sky beasts
  A black bear (D:6)
  3 centaurs
  A phantom (D:5)
  A big kobold (D:8)
  2 giant frogs (D:8)
  3 scorpions
  3 killer bees (D:8)
  2 crimson imps
  3 hounds
  5 orc priests
  4 jellies
  A quasit (D:7)
  A wasp zombie (D:6)
  5 orc wizards
  2 iguanas
  A giant frog zombie (D:8)
  Ijyb (D:3)
  A centaur skeleton (D:6)
  8 worker ants
  A giant frog skeleton (D:5)
  A gnoll shaman (D:6)
  Natasha (thrice) (D:4)
  4 sheep (D:7)
  A hound zombie (D:6)
  8 adders
  2 worker ant zombies
  13 gnolls
  2 shadow imps
  3 adder skeletons
  3 worms (D:2)
  4 giant geckos
  20 orcs
  7 giant cockroaches
  10 goblins
  5 hobgoblins
  4 jackals (D:6)
  12 kobolds
  4 quokkas
  4 bats
  4 giant newts
  2 quokka zombies
  5 rats
178 creatures vanquished.

Notes
Turn   | Place    | Note
--------------------------------------------------------------
     0 | D:1      | Niddhogr the Formicid Fighter began the quest for the Orb.
     0 | D:1      | Reached XP level 1. HP: 18/18 MP: 1/1
    76 | D:1      | Reached XP level 2. HP: 24/24 MP: 2/2
   469 | D:1      | Reached XP level 3. HP: 29/29 MP: 3/3
  1200 | D:2      | Found a glowing silver altar of Zin.
  1246 | D:2      | Noticed Sigmund
  1400 | D:2      | Reached skill level 4 in Polearms
  1400 | D:2      | Reached XP level 4. HP: 35/35 MP: 4/4
  2066 | D:2      | Found a sparkling altar of Nemelex Xobeh.
  2421 | D:3      | Noticed Ijyb
  2439 | D:3      | Killed Ijyb
  2439 | D:3      | Reached XP level 5. HP: 38/41 MP: 5/5
  2568 | D:3      | Found an iron altar of Okawaru.
  2568 | D:3      | Found a glowing golden altar of the Shining One.
  2568 | D:3      | Found an opulent altar of Gozag.
  2575 | D:3      | Became a worshipper of Warmaster Okawaru
  2824 | D:2      | Killed Sigmund
  2824 | D:2      | Reached skill level 6 in Polearms
  2824 | D:2      | Reached XP level 6. HP: 25/47 MP: 6/6
  2881 | D:2      | Found a glowing silver altar of Zin.
  3087 | D:2      | Found a sparkling altar of Nemelex Xobeh.
  4084 | D:4      | Noticed Natasha
  4094 | D:4      | Killed Natasha
  4169 | D:4      | Noticed Natasha
  4226 | D:4      | Reached skill level 1 in Invocations
  4226 | D:4      | Reached XP level 7. HP: 52/52 MP: 7/7
  4323 | D:4      | Reached skill level 7 in Polearms
  4475 | D:4      | Killed Natasha
  4709 | D:4      | Found a deep blue altar of Sif Muna.
  5260 | D:4      | Found a deep blue altar of Sif Muna.
  5493 | D:4      | Noticed Natasha
  5498 | D:4      | Killed Natasha
  5704 | D:5      | Entered Level 5 of the Dungeon
  5722 | D:5      | Noticed Eustachio
  5751 | D:5      | Killed Eustachio
  5751 | D:5      | Reached * piety under Okawaru
  5974 | D:5      | Reached XP level 8. HP: 20/58 MP: 10/10
  6084 | D:4      | Reached skill level 8 in Polearms
  7321 | D:6      | Reached skill level 9 in Polearms
  7589 | D:6      | Reached skill level 5 in Invocations
  7838 | D:6      | Found an iron altar of Okawaru.
  8126 | D:6      | Reached XP level 9. HP: 60/64 MP: 12/12
  8631 | D:6      | Got a shimmering dagger
  8632 | D:6      | Identified the +11 dagger "Dragon's Tongue" {drain, *Contam +Inv Dex+7} (You found it on level 6 of the Dungeon)
  8696 | D:6      | Reached ** piety under Okawaru
  8696 | D:6      | Reached skill level 10 in Polearms
  8856 | D:7      | Reached skill level 5 in Shields
  9036 | D:7      | Found a staircase to the Ecumenical Temple.
  9102 | D:7      | Gained mutation: You have an increased reservoir of magic (+10% MP). [mutagenic meat]
  9103 | D:7      | Lost mutation: You have an increased reservoir of magic (+10% MP). [mutagenic meat]
  9104 | D:7      | Gained mutation: You possess an exceptional clarity of mind. [mutagenic meat]
  9105 | D:7      | Gained mutation: Your magical capacity is low (-10% MP). [mutagenic meat]
  9792 | D:8      | Reached *** piety under Okawaru
  9792 | D:8      | Reached skill level 11 in Polearms
  9796 | D:8      | Gained mutation: You expend magic power (3 MP) to strengthen your wands. [mutagenic meat]
  9808 | D:8      | Noticed Erolcha
  9819 | D:8      | Killed Erolcha
  9819 | D:8      | Reached XP level 10. HP: 47/70 MP: 9/12
 10229 | D:8      | Reached skill level 12 in Polearms
 10230 | D:8      | Found Eptawo's Eclectic Emporium.
 10245 | D:8      | Reached **** piety under Okawaru
 10402 | D:8      | Killed from afar by an orc priest

Action                   |  1- 3 |  4- 6 |  7- 9 | 10-12 || total
-------------------------+-------+-------+-------+-------++-------
Melee: Trident           |    73 |   173 |   224 |       ||   470
       Halberd           |       |       |    95 |       ||    95
       Dagger            |       |       |   104 |    66 ||   170
Invok: Heroism           |       |       |     3 |     1 ||     4
Evoke: Wand              |       |       |     4 |       ||     4
  Use: Scroll            |       |     3 |     3 |     1 ||     7
       Potion            |       |     2 |     1 |       ||     3
 Stab: Distracted        |       |       |     1 |       ||     1
       Sleeping          |       |       |     1 |       ||     1
  Eat: Chunk             |     1 |     8 |    24 |     4 ||    37
       Beef jerky        |       |     1 |       |       ||     1
